 Dungeon Crawl Stone Soup version 0.28.0-53-g5a82cb258f (webtiles) character file.

Game seed: 11787768214970424317

49 mortz the Conjurer (level 3, -1/26 HPs)
             Began as a Demigod Conjurer on May 25, 2022.
             Killed from afar by an orc wizard (9 damage)
             ... with a puff of flame
             ... on level 2 of the Dungeon.
             The game lasted 00:06:19 (1628 turns).

mortz the Conjurer (Demigod Conjurer)               Turns: 1628, Time: 00:06:19

Health: -1/26      AC:  2    Str:  8    XL:     3   Next: 32%
Magic:  1/8        EV: 12    Int: 30    God:
Gold:   82         SH:  0    Dex: 12    Spells: 3/6 levels left

rFire   . . .      SeeInvis .   l - +3 spear {polearm}
rCold   . . .      Faith    .   (no shield)
rNeg    . . .      Spirit   .   a - +0 robe
rPois   .          Reflect  .   (no helmet)
rElec   .          Harm     .   (no cloak)
rCorr   .          Rampage  .   (no gloves)
Will    .....                   (no boots)
Stlth   ++........              (no amulet)
HPRegen 0.08/turn               h - +6 ring of intelligence
MPRegen 0.11/turn               (no ring)

@: no status effects
A: high MP 1, forlorn, divine attributes
a: no special abilities


You were on level 2 of the Dungeon.
You visited 1 branch of the dungeon, and saw 2 of its levels.

You collected 82 gold pieces.


Innate Abilities, Weirdness & Mutations

You have an increased reservoir of magic. (+10% MP)
You shall have no god before yourself.
Your divine heritage dramatically boosts your attributes as you level up.


   Skills:
 + Level 2.0 Dodging
 + Level 1.9 Stealth
 + Level 2.0 Spellcasting
 + Level 4.4 Conjurations
 * Level 0.2 Translocations


You had 3 spell levels left.
You knew the following spells:

 Your Spells              Type           Power      Damage    Failure   Level
a - Magic Dart            Conj           100%       1d8       1%          1
b - Searing Ray           Conj           58%        2d6       1%          2

Your spell library contained the following spells:

 Spells                   Type           Power      Damage    Failure   Level
 Dazzling Flash           Conj/Hex       32%        N/A       10%         3
 Fulminant Prism          Conj/Hex       8%         3d7       30%         4
 Iskenderun's Mystic Bla  Conj/Tloc      17%        2d5       30%         4

Inventory:

Hand Weapons
 d - a +0 hand axe {axe}
   (You found it on level 1 of the Dungeon)
 l - a +3 spear (weapon) {polearm}
   (You found it on level 2 of the Dungeon)
Armour
 a - a +0 robe (worn)
Magical Staves
 m - a staff of conjuration {!a@e2staff}
   (You found it on level 2 of the Dungeon)
Jewellery
 h - a +6 ring of intelligence (left hand)
   (You took it off a goblin on level 2 of the Dungeon)
Scrolls
 b - 2 scrolls of identify {unknown}
 f - 2 scrolls of enchant armour {unknown}
 j - a scroll of holy word {unknown}
Potions
 c - a potion of mutation {unknown}
 e - 2 potions of curing {unknown}
 g - a potion of flight {unknown}
 i - a potion of brilliance {unknown}
 k - a potion of ambrosia {unknown}

Dungeon Overview and Level Annotations

Branches:
Dungeon (2/15)

Shops:
D:1 * D:2

= #... ...≈≈≈#
#####.#####..≈.#
##.........#..#.##
#..#######..#.....
#.###$⌠o###.#..)##
#.##.....##.#.....
#.#..{....#.#..>##
#.#...o...#.#.#.#
#@#.......#.#.#.#
#{#.......#.#.#.#
#)#o......#.#.#.#
#)#....... #.#.#
#.#....... #.#.#
#.o....... #.#.#
#####...#####.#.#
........#.##
#######.#...


You could see an orc priest.


Message History

The orc wizard shouts!
The orc priest moves out of view. 😎 MP[+4]
Your mp is fully restored (8).
There are monsters nearby!
An orc comes into view. It is wielding a +0 mace.
The orc shouts!
Aiming: Magic Dart (safe; 1% risk of failure)
Press: ? - help, Q - select action, (/) - cycle Shift-Dir - straight line, f - orc wizard
Aim: an orc wizard, wielding a +0 dagger and wearing a +0 robe (100% to hit)
You feel a surge of power!
The magic dart hits the orc wizard but does no damage.
The orc shouts!
The orc wizard mumbles some strange words.
The orc wizard flickers and vanishes!
Deactivating autopickup; reactivate with Ctrl-A. 😎 MP[-1]
You lost 1 mp, and now have 7/8 mp.
Casting: Magic Dart (safe; 1% risk of failure)
Confirm with . or Enter, or press ? or * to list all spells.
Aiming: Searing Ray (safe; 1% risk of failure)
Press: ? - help, Shift-Dir - straight line, f - orc
Aim: an orc, wielding a +0 flail (82% to hit)
You feel a surge of power!
The searing ray hits the orc!
You kill the orc! (Press . to maintain the ray.) 😎 MP[-2]
You lost 2 mp, and now have 5/8 mp.
Aiming: Magic Dart (safe; 1% risk of failure)
Press: ? - help, Q - select action, (/) - cycle Shift-Dir - straight line, f - you
Okay, then.
Casting: Magic Dart (safe; 1% risk of failure)
Confirm with . or Enter, or press ? or * to list all spells.
Aiming: Magic Dart (safe; 1% risk of failure)
Press: ? - help, Shift-Dir - straight line You feel a surge of power!
The magic dart hits something but does no damage. 😎 MP[-1]
You lost 1 mp, and now have 4/8 mp.
Aiming: Magic Dart (safe; 1% risk of failure)
Press: ? - help, Q - select action, (/) - cycle Shift-Dir - straight line, f - orc
Aim: an orc, wielding a +0 mace (100% to hit)
You feel a surge of power!
The magic dart hits something. 😎 MP[-1]
You lost 1 mp, and now have 3/8 mp.
Casting: Magic Dart (safe; 1% risk of failure)
Confirm with . or Enter, or press ? or * to list all spells.
You can't see any susceptible monsters within range! (Use Z to cast anyway.) Unknown command.
Aiming: Magic Dart (safe; 1% risk of failure)
Press: ? - help, Q - select action, (/) - cycle Shift-Dir - straight line, f/p - orc
Aim: an orc, wielding a +0 mace (100% to hit)
Okay, then.
Casting: Magic Dart (safe; 1% risk of failure)
Confirm with . or Enter, or press ? or * to list all spells.
Aiming: Searing Ray (safe; 1% risk of failure)
Press: ? - help, Shift-Dir - straight line, p - orc You feel a surge of power! (Press . to maintain the ray.) 😎 MP[-2]
You lost 2 mp, and now have 1/8 mp.
The searing ray hits the orc!
You kill the orc! 😎 MP[-1]
You lost 1 mp, and now have 0/8 mp.
You hear some strange, mumbled words.
Something tries to affect you, but you resist.
You hit something but do no damage. Something hits you. 😕 HP[-3]
You take 3 damage, and now have 23/26 hp.
You barely miss something. Something hits you.
Something hits you but does no damage. 😕 HP[-1]
You take 1 damage, and now have 22/26 hp.
You closely miss something. Something hits you but does no damage.
You closely miss something. Something hits you. 😕 HP[-1] MP[+1]
You take 1 damage, and now have 21/26 hp.
l - a +3 spear (weapon)
{polearm} You hear some strange, mumbled words.
A puff of flame appears from out of thin air!
The puff of flame hits you!
* * * LOW HITPOINT WARNING * * *
😨 HP[-10]
You take 10 damage, and now have 11/26 hp.
MASSIVE DAMAGE!! (PAUSE)
You hit something. Something hits you.
* * * LOW HITPOINT WARNING * * *
Aiming: Magic Dart (safe; 1% risk of failure)
Press: ? - help, Q - select action, (/) - cycle Shift-Dir - straight line, f - you
Okay, then.
You miss something. Something hits you.
* * * LOW HITPOINT WARNING * * *
😨 HP[-3]
You take 3 damage, and now have 8/26 hp.
You hit something.
You hear some strange, mumbled words.
A puff of flame appears from out of thin air!
The puff of flame hits you!
You die...

Skill      XL: |  1  2  3 |
---------------+----------+-----
Conjurations   | 4 |  4.4
Dodging        | 2 |  2.0
Spellcasting   | 2 |  2.0
Stealth        | |  1.9
Translocations | |  0.2

Action                   || total
-------------------------++-------
Melee: Staff             ||     4
       Spear             ||     3
 Cast: Magic Dart        ||    44
       Searing Ray       ||     8
Armor: Robe              ||     3
Dodge: Dodged            ||     1

Levels and vault maps discovered:
D:1:      dpeg_arrival_erosion, layout_basic, serial_shops, nicolae_shop_stone,
          serial_rivers, chequers_serial_rivers_large_a,
          chequers_serial_rivers_micro_c, chequers_serial_rivers_micro_a,
          chequers_serial_rivers_marsh, chequers_serial_rivers_small_b,
          chequers_serial_rivers_small_3
D:2:      cheibrodos_pilgrimage, layout_basic, serial_shops, shop_statue,
          serial_aquarium, aquarium_bridge_long_joined
          [aquarium_subvault_bridge, aquarium_subvault_wall,
          aquarium_subvault_wall, aquarium_subvault_wall,
          aquarium_subvault_bridge, aquarium_subvault_bridge],
          aquarium_window_fake, aquarium_window_2, aquarium_view_2e,
          aquarium_view_2e, aquarium_balcony_1b, chequers_serial_rivers_small_a

Notes
Turn   | Place    | Note
-------+----------+-------------------------------------------
     0 | D:1      | mortz the Demigod Conjurer began the quest for the Orb.
     0 | D:1      | Reached XP level 1. HP: 14/14 MP: 5/5
     0 | D:1      | magus.rc [v1.9.6]
    64 | D:1      | Found Liocel's Assorted Antiques.
   388 | D:1      | Reached skill level 4 in Conjurations
   516 | D:1      | Reached XP level 2. HP: 20/20 MP: 4/7
   519 | D:1      | Learned a level 2 spell: Searing Ray
   922 | D:2      | Reached skill level 2 in Dodging
  1166 | D:2      | Reached XP level 3. HP: 26/26 MP: 5/8
  1201 | D:2      | Reached skill level 2 in Spellcasting
  1257 | D:2      | Found Fuacokk's Jewellery Boutique.
  1628 | D:2      | Killed from afar by an orc wizard

Vanquished Creatures
  An adder (D:2)
  3 worms (D:2)
  2 orcs (D:2)
  3 bats (D:1)
  2 endoplasms
  7 goblins
  A hobgoblin (D:1)
  3 kobolds (D:2)
  A quokka (D:2)
  A ball python (D:1)
  4 rats
28 creatures vanquished.

Table legend:
 A = Non-vault XP
 B = Vault XP
 C = Vault XP percentage of total XP
 D = Non-vault monster count
 E = Vault monster count
 F = Vault count percentage of total count
                 A         B        C        D         E       F
            +---------+---------+-------+---------+---------+-------
      Total |      64 |       6 |   8.6 |      26 |       2 |   7.1
            +---------+---------+-------+---------+---------+-------
        D:1 |      20 |       0 |   0.0 |      13 |       0 |   0.0
        D:2 |      44 |       6 |  12.0 |      13 |       2 |  13.3
            +---------+---------+-------+---------+---------+-------

Illustrated notes

Table legend:
 A = Kills in this place as a percentage of kills in entire the game.
 B = Kills by you in this place as a percentage of kills by you in the entire game.
 C = Kills by friends in this place as a percentage of kills by friends in the entire game.
 D = Other kills in this place as a percentage of other kills in the entire game.
 E = Experience gained in this place as a percentage of experience gained in the entire game.
 F = Experience gained in this place divided by the number of levels of this place that you have seen.
                   A       B       C       D       E      F
               +-------+-------+-------+-------+-------+----------------------
         Total | 100.0 | 100.0 |   N/A |   N/A | 100.0 |  35.0
       Dungeon | 100.0 | 100.0 |   N/A |   N/A | 100.0 |  35.0
               +-------+-------+-------+-------+-------+----------------------

Table legend: (Time is in decaauts)
 A = Elapsed time spent in this place.
 B = Non-inter-level travel time spent in this place.
 C = Inter-level travel time spent in this place.
 D = Time resting spent in this place.
 E = Time spent auto-exploring this place.
 F = Levels seen in this place.
 G = Mean time per level.
                   A        B        C        D        E       F      G
               +--------+--------+--------+--------+--------+-----+--------+
         Total |   1644 |   1627 |     17 |     17 |   1434 |   2 |  822.0 |
       Dungeon |   1644 |   1627 |     17 |     17 |   1434 |   2 |  822.0 |
               +--------+--------+--------+--------+--------+-----+--------+

Top non-repeatable levels by time:
     D:1: 929 daAuts
     D:2: 714 daAuts
